[Event "Titled Tuesday Blitz February 01 B 2022"]
[White "Abdrlauf, Elham"]
[Black "Zhigalko, Sergei"]
[WhiteFideId "1533533"]
[BlackFideId "13502956"]
[WhiteElo "2334"]
[BlackElo "2662"]
[Result "1-0"]
[Round "09"]
[TimeControl "180+1"]
[Date "2022.02.01"]
[WhiteClock "0:00:03"]
[BlackClock "0:00:09"]

1. e4 c5 2. Nf3 Nc6 3. d4 cxd4 4. Nxd4 Nf6 5. Nc3 e5 6. Nde2 Bc5 7. Ng3 Qb6 8. Qd2 Bd4 9. Nf5 O-O 10. Qg5 Bxf2+ 11. Kd1 Ne8 12. Nd5 Qd8 13. h4 Bc5 14. Rh3 f6 15. Qg4 d6 16. Rg3 Kh8 17. h5 Nd4 18. c3 Ne6 19. Bb5 Bd7 20. Bxd7 Qxd7 21. Nde7 d5 22. Ng6+ hxg6 23. hxg6 dxe4+ 24. Ke1 Kg8 25. Qh5 Ng5 26. Bxg5 Bf2+ 27. Kxf2 Qxf5+ 28. Kg1 Qxg6 29. Qxg6 fxg5 30. Rxg5 Rc8 31. Qe6+ Rf7 32. Qxc8 Re7 33. Qf5 Nd6 34. Qg4 e3 35. Re1 Nf7 36. Rxe3 Nh6 37. Qh5 Re6 38. Rf3 Rd6 39. Rxe5 Rd1+ 40. Kf2 Rd6 41. Re8+ Kh7 42. Rff8 Rd2+ 43. Ke1 Rd5 44. Rh8# 1-0


[Site "https://www.chess.com"]

[Event "Titled Tuesday Blitz February 01 B 2022"]
[White "Bok, Benjamin"]
[Black "Jobava, Baadur"]
[WhiteFideId "1017063"]
[BlackFideId "13601520"]
[WhiteElo "2658"]
[BlackElo "2617"]
[Result "0-1"]
[Round "09"]
[TimeControl "180+1"]
[Date "2022.02.01"]
[WhiteClock "0:00:02"]
[BlackClock "0:00:16"]

1. d4 d5 2. c4 dxc4 3. Nf3 Nf6 4. e3 Bg4 5. Bxc4 e6 6. h3 Bh5 7. Nc3 Nc6 8. O-O Bd6 9. Be2 O-O 10. b3 e5 11. dxe5 Nxe5 12. Bb2 Bxf3 13. Bxf3 Nd3 14. Rb1 Nxb2 15. Rxb2 Qe7 16. Rc2 Rad8 17. Qe2 c6 18. Rd1 Be5 19. g3 g6 20. Kg2 Kg7 21. Na4 Rxd1 22. Qxd1 Rd8 23. Rd2 Rxd2 24. Qxd2 b5 25. Nc3 a6 26. Ne2 c5 27. Qa5 Qd6 28. Bb7 Qd1 29. Bf3 Qd6 30. Bb7 Qd3 31. Bf3 Ne4 32. Qxa6 Nd2 33. Qc6 Qb1 34. Bd5 Qf1+ 35. Kh2 Qxf2+ 36. Kh1 Qxe2 37. Bg2 Qe1+ 0-1


[Site "https://www.chess.com"]

[Event "Titled Tuesday Blitz February 01 B 2022"]
[White "Bortnyk, Olexandr"]
[Black "Warmerdam, Max"]
[WhiteFideId "14120828"]
[BlackFideId "1048104"]
[WhiteElo "2723"]
[BlackElo "2537"]
[Result "1-0"]
[Round "09"]
[TimeControl "180+1"]
[Date "2022.02.01"]
[WhiteClock "0:02:09"]
[BlackClock "0:02:35"]

1. e4 c5 2. c3 d5 3. exd5 Nf6 4. Nf3 Nxd5 5. Bc4 e6 6. O-O Be7 7. d4 cxd4 8. Qxd4 Nc6 9. Qxg7 Bf6 10. Qg3 b6 11. Bh6 Bb7 12. Nbd2 Nce7 13. Bb5+ Bc6 14. Bxc6+ Nxc6 15. Ne4 Qe7 16. c4 Nc7 17. Nxf6+ 1-0


[Site "https://www.chess.com"]

[Event "Titled Tuesday Blitz February 01 B 2022"]
[White "Carlsson, Ludvig"]
[Black "Tregubov, Pavel V."]
[WhiteFideId "1727010"]
[BlackFideId "4115341"]
[WhiteElo "2178"]
[BlackElo "2341"]
[Result "1/2-1/2"]
[Round "09"]
[TimeControl "180+1"]
[Date "2022.02.01"]
[WhiteClock "0:00:06"]
[BlackClock "0:00:27"]

1. e4 e6 2. d3 c5 3. Nf3 Nc6 4. g3 g6 5. Bg2 Bg7 6. O-O Nge7 7. c3 O-O 8. Re1 d6 9. d4 cxd4 10. cxd4 d5 11. e5 Nf5 12. Nc3 Qb6 13. Na4 Qc7 14. Bf4 b6 15. Rc1 Ba6 16. Qd2 Rac8 17. g4 Nfe7 18. Bh6 Qd7 19. b3 f5 20. exf6 Rxf6 21. Ne5 Nxe5 22. dxe5 Rff8 23. Nc3 Nc6 24. Nxd5 exd5 25. Qxd5+ Qxd5 26. Bxd5+ Kh8 27. Bxg7+ Kxg7 28. Bxc6 Rc7 29. e6 Re7 30. Kg2 Rf4 31. Kg3 Rd4 32. Rcd1 Rxd1 33. Rxd1 Rxe6 34. Rd7+ Kf6 35. Bd5 Re2 36. f4 g5 37. Rf7+ Kg6 38. f5+ Kh6 39. Rf6+ Kg7 40. Rf7+ Kh6 41. Rxa7 Bd3 42. Rb7 Re3+ 43. Kf2 Re2+ 44. Kf3 Rxa2 45. Bg8 Bxf5 46. gxf5 g4+ 47. Kxg4 Rg2+ 48. Kh4 Rxg8 49. Rxb6+ Kg7 50. Rb4 Kf6 51. Rf4 Rc8 52. b4 Rc2 53. Kg3 Rb2 54. h4 h5 55. Kf3 Ke5 56. Rc4 Kxf5 57. Rc5+ Kg6 58. Rg5+ Kh6 59. b5 Rb4 60. Kg3 Rb3+ 61. Kf4 Rb4+ 62. Kg3 Rb3+ 63. Kf2 Rb4 64. Ke3 Rxh4 65. Rc5 Rb4 66. Kd3 h4 67. Kc3 Rb1 68. Kc2 Rb4 69. Kc3 Rb1 70. Rc4 Rc1+ 71. Kd3 Rxc4 72. Kxc4 h3 73. b6 h2 74. b7 h1=Q 75. b8=Q Qc1+ 76. Kd3 Qd1+ 77. Ke3 Qe1+ 78. Kd3 Qd1+ 79. Ke3 1/2-1/2


[Site "https://www.chess.com"]

[Event "Titled Tuesday Blitz February 01 B 2022"]
[White "Corrales Jimenez, Fidel"]
[Black "Brodowski, Piotr"]
[WhiteFideId "3506690"]
[BlackFideId "1124480"]
[WhiteElo "2541"]
[BlackElo "2422"]
[Result "1-0"]
[Round "09"]
[TimeControl "180+1"]
[Date "2022.02.01"]
[WhiteClock "0:01:23"]
[BlackClock "0:00:02"]

1. d4 c5 2. d5 d6 3. c4 e5 4. Nc3 Be7 5. e4 Nf6 6. Be2 O-O 7. Be3 Nbd7 8. g4 Ne8 9. h4 Bxh4 10. Nf3 Be7 11. Qd2 Ndf6 12. O-O-O Nxg4 13. Rdg1 f5 14. exf5 Bxf5 15. Ng5 Nxe3 16. Qxe3 h6 17. Rxh6 gxh6 18. Ne6+ Kh7 19. Nxd8 Rxd8 20. Bd3 Ng7 21. Ne4 Nh5 22. Kc2 Nf4 23. f3 b6 24. Kb3 a6 25. Bb1 b5 26. cxb5 axb5 27. a3 Nxd5 28. Qe1 Nf4 29. Ng3 Bxb1 30. Qxb1+ Kh8 31. Nf5 Bg5 32. Rh1 Rf6 33. Ng3 Nd3 34. Ne4 c4+ 35. Ka2 Rg6 36. Nxg5 Rxg5 37. Rxh6+ Kg7 38. Qh1 Rg8 39. Rxd6 Nb4+ 40. axb4 Kf7 41. Qh7+ R8g7 42. Qh6 e4 43. Qe6+ 1-0


[Site "https://www.chess.com"]

[Event "Titled Tuesday Blitz February 01 B 2022"]
[White "Cunha, Lucas Aguiar"]
[Black "Riehle, Marco"]
[WhiteFideId "2125404"]
[BlackFideId "12904392"]
[WhiteElo "2361"]
[BlackElo "2462"]
[Result "1-0"]
[Round "09"]
[TimeControl "180+1"]
[Date "2022.02.01"]
[WhiteClock "0:00:49"]
[BlackClock "0:00:54"]

1. e4 e5 2. Nf3 Nf6 3. Nc3 Nc6 4. Bb5 Bc5 5. Nxe5 O-O 6. Nd3 Bd4 7. O-O Re8 8. Nf4 d6 9. d3 Bg4 10. Qd2 Re5 11. Ncd5 a6 12. Bc4 h6 13. c3 Ba7 14. Nxf6+ Qxf6 15. Nd5 Qh4 16. Qf4 Re6 17. h3 Rg6 18. hxg4 Rxg4 19. Qh2 Qd8 20. Be3 Ne5 21. f3 Rg6 22. Bxa7 Rxa7 23. Ne3 c6 24. d4 Nxc4 25. Nxc4 b5 26. Ne3 a5 27. Nf5 Qg5 28. Nxd6 a4 29. a3 Rd7 30. f4 Qg4 31. e5 c5 32. f5 Rg5 33. Rf4 Qe2 34. Rf2 Qe3 35. Qf4 Qd3 36. Rd2 Qh3 37. Qxg5 1-0


[Site "https://www.chess.com"]

[Event "Titled Tuesday Blitz February 01 B 2022"]
[White "De La Colina, Nicolas"]
[Black "Yuan, Qingyu"]
[WhiteFideId "30946921"]
[BlackFideId "8609772"]
[WhiteElo "2046"]
[BlackElo "2359"]
[Result "1-0"]
[Round "09"]
[TimeControl "180+1"]
[Date "2022.02.01"]
[WhiteClock "0:00:09"]
[BlackClock "0:00:31"]

1. e4 c6 2. d4 d5 3. exd5 cxd5 4. Bd3 Nc6 5. c3 Nf6 6. Bf4 Bg4 7. Qb3 Qd7 8. Nd2 e6 9. Ngf3 Bd6 10. Bg3 O-O 11. O-O Bxg3 12. hxg3 Rab8 13. Rae1 Bxf3 14. Nxf3 Qc7 15. Qd1 b5 16. g4 b4 17. g5 Nd7 18. Qc2 g6 19. g3 Rfc8 20. Qd2 bxc3 21. bxc3 Na5 22. Rc1 Rb6 23. Kg2 Rc6 24. Rh1 Rxc3 25. Rce1 Ra3 26. Rh6 Qc3 27. Reh1 Qxd3 28. Qxd3 Rxd3 29. Rxh7 Nf8 30. Rh8+ Kg7 31. Ne5 Rxd4 32. Nd7 Rg4 33. Nxf8 Rxg5 34. Nxe6+ Kf6 35. Nxg5 Rxh8 36. Rxh8 Kxg5 37. Rd8 Kf6 38. Rxd5 Nc6 39. Rd6+ 1-0


[Site "https://www.chess.com"]

[Event "Titled Tuesday Blitz February 01 B 2022"]
[White "Deac, Bogdan-Daniel"]
[Black "Van Foreest, Jorden"]
[WhiteFideId "1226380"]
[BlackFideId "1039784"]
[WhiteElo "2646"]
[BlackElo "2609"]
[Result "0-1"]
[Round "09"]
[TimeControl "180+1"]
[Date "2022.02.01"]
[WhiteClock "0:00:03"]
[BlackClock "0:00:46"]

1. e4 c6 2. Nf3 d5 3. d3 dxe4 4. dxe4 Qxd1+ 5. Kxd1 Nf6 6. Nfd2 g6 7. f3 Bg7 8. a4 O-O 9. c3 Ne8 10. Kc2 Nd6 11. Nc4 f5 12. e5 Nf7 13. f4 Be6 14. Nbd2 Nd7 15. Nf3 Bd5 16. Be3 g5 17. e6 Bxe6 18. fxg5 Bd5 19. Re1 e5 20. h4 Rfe8 21. Bf2 f4 22. Nfd2 e4 23. Bd4 e3 24. Nf3 Nde5 25. Ncxe5 Nxe5 26. Bxe5 Bxe5 27. Bd3 Rad8 28. h5 Re7 29. Rh4 Bc7 30. g6 h6 31. Nd4 Rf8 32. Rg4 Re5 33. Rh1 c5 34. g7 Rf6 35. Nf3 Re7 36. Rd1 Rxg7 37. Bg6 Be4+ 38. Bxe4 Rxg4 39. Rd7 Rxg2+ 40. Kd3 Rg7 41. Bd5+ Kf8 0-1


[Site "https://www.chess.com"]

[Event "Titled Tuesday Blitz February 01 B 2022"]
[White "Dourerassou, Jonathan"]
[Black "Postnikov, Daniil"]
[WhiteFideId "628050"]
[BlackFideId "4166329"]
[WhiteElo "2513"]
[BlackElo "2261"]
[Result "1-0"]
[Round "09"]
[TimeControl "180+1"]
[Date "2022.02.01"]
[WhiteClock "0:01:07"]
[BlackClock "0:00:01"]

1. d4 Nf6 2. c4 c5 3. d5 b5 4. cxb5 a6 5. e3 g6 6. Nc3 Bg7 7. Nf3 O-O 8. a4 e6 9. e4 exd5 10. exd5 Re8+ 11. Be3 Ng4 12. Be2 Nxe3 13. fxe3 Qe7 14. e4 Bxc3+ 15. bxc3 Qxe4 16. O-O Qxe2 17. Qb3 c4 18. Qb4 a5 19. Qd6 Qe7 20. Qc7 d6 21. Qxc4 Nd7 22. Qc6 Rb8 23. Rae1 Ne5 24. Nxe5 dxe5 25. d6 Qa7+ 26. Kh1 Be6 27. Rxe5 Rbc8 28. Rxe6 fxe6 29. d7 Qb8 30. dxe8=Q+ Rxe8 31. b6 Qc8 32. Qb5 Re7 33. c4 e5 34. c5 e4 35. c6 e3 36. b7 Qb8 37. Qd5+ Kg7 38. Qd4+ Kg8 39. Qc4+ Kg7 40. Qc5 Re5 41. c7 Qe8 1-0


[Site "https://www.chess.com"]

[Event "Titled Tuesday Blitz February 01 B 2022"]
[White "Ezat, Mohamed"]
[Black "Murzin, Volodar"]
[WhiteFideId "10600906"]
[BlackFideId "44155573"]
[WhiteElo "2386"]
[BlackElo "2585"]
[Result "0-1"]
[Round "09"]
[TimeControl "180+1"]
[Date "2022.02.01"]
[WhiteClock "0:00:01"]
[BlackClock "0:00:44"]

1. d4 d5 2. c4 c6 3. Nc3 Nf6 4. cxd5 cxd5 5. Bf4 e6 6. e3 Bd6 7. Bxd6 Qxd6 8. f4 Nc6 9. Bd3 O-O 10. Nf3 Bd7 11. O-O Be8 12. Ne5 Nd7 13. Rf3 f6 14. Rh3 h6 15. Ng6 Bxg6 16. Bxg6 f5 17. Rg3 Nf6 18. Bh5 Rab8 19. Be2 Rfc8 20. h3 a6 21. Rf3 b5 22. g4 fxg4 23. hxg4 Nxg4 24. Rg3 Nf6 25. Bd3 Ne7 26. Rg2 Nf5 27. Qe1 Kh8 28. Kh2 Rg8 29. Qf2 g5 30. Bxf5 exf5 31. Rag1 Ng4+ 32. Rxg4 fxg4 33. Rxg4 Rbf8 34. Kh1 b4 35. Ne2 Qe6 0-1


[Site "https://www.chess.com"]

[Event "Titled Tuesday Blitz February 01 B 2022"]
[White "Garcia Martin, Marta"]
[Black "Bluebaum, Matthias"]
[WhiteFideId "32084030"]
[BlackFideId "24651516"]
[WhiteElo "2102"]
[BlackElo "2550"]
[Result "1-0"]
[Round "09"]
[TimeControl "180+1"]
[Date "2022.02.01"]
[WhiteClock "0:00:06"]
[BlackClock "0:00:13"]

1. Nf3 d5 2. e3 Nf6 3. c4 e6 4. Nc3 Bd6 5. b3 O-O 6. Bb2 Re8 7. Qc2 c5 8. g4 d4 9. Ne4 e5 10. g5 Nxe4 11. Qxe4 Nc6 12. Bd3 g6 13. Qh4 b6 14. Be4 Bb7 15. d3 Qd7 16. O-O-O Ne7 17. Kb1 b5 18. Bxb7 Qxb7 19. Qg4 bxc4 20. dxc4 a5 21. exd4 cxd4 22. Nxd4 Bc5 23. Nb5 Nf5 24. a4 Bxf2 25. Qe2 Bd4 26. Rhe1 Kg7 27. Rd3 Qb6 28. Nxd4 exd4 29. Qxe8 Rxe8 30. Rxe8 Qd6 31. Re2 Qf4 32. Red2 Qxg5 33. Bxd4+ f6 34. Bc3 h5 35. Kb2 Qh4 36. Bxa5 g5 37. Bc3 g4 38. a5 Qe1 39. Rd7+ Kg6 40. a6 h4 41. a7 Qe4 42. Rd8 g3 43. hxg3 hxg3 44. a8=Q Qxa8 45. Rxa8 Ne3 46. Re2 Nd1+ 47. Kc2 Nxc3 48. Kxc3 g2 49. Rxg2+ Kf5 50. Rf2+ 1-0


[Site "https://www.chess.com"]

[Event "Titled Tuesday Blitz February 01 B 2022"]
[White "Garriga Cazorla, Pere"]
[Black "Solon, Nathan"]
[WhiteFideId "32011601"]
[BlackFideId "2017229"]
[WhiteElo "2458"]
[BlackElo "2553"]
[Result "1-0"]
[Round "09"]
[TimeControl "180+1"]
[Date "2022.02.01"]
[WhiteClock "0:00:20"]
[BlackClock "0:00:16"]

1. d4 d5 2. c4 e6 3. Nc3 c5 4. cxd5 cxd4 5. Qa4+ Bd7 6. Qxd4 exd5 7. Qxd5 Nc6 8. Nf3 Nf6 9. Qb3 Bc5 10. Bg5 h6 11. Bh4 Qe7 12. e3 O-O 13. Be2 g5 14. Bg3 Be6 15. Qa4 a6 16. O-O b5 17. Qc2 Rac8 18. Rac1 Ba7 19. Qb1 Nh5 20. Rfd1 Nxg3 21. hxg3 Rfd8 22. Rxd8+ Qxd8 23. Rd1 Qa5 24. Qe4 Qb4 25. Qb1 Na5 26. Bd3 Nc4 27. Bf5 Re8 28. Bxe6 Rxe6 29. Qf5 Qxb2 30. Rd7 Nd6 31. Qd3 Nc4 32. Rxa7 1-0


[Site "https://www.chess.com"]

[Event "Titled Tuesday Blitz February 01 B 2022"]
[White "Golubka, Petro"]
[Black "Barp, Alberto"]
[WhiteFideId "14114224"]
[BlackFideId "872555"]
[WhiteElo "2392"]
[BlackElo "2229"]
[Result "0-1"]
[Round "09"]
[TimeControl "180+1"]
[Date "2022.02.01"]
[WhiteClock "0:01:50"]
[BlackClock "0:00:39"]

1. a3 a6 2. h3 b5 3. b3 Bb7 4. Bb2 Nf6 5. d3 e6 6. Nd2 c5 7. e4 d6 8. g4 Nc6 9. Bg2 h5 10. g5 Nd7 11. h4 Nde5 12. Nh3 Ng6 13. Ng1 Qc7 14. Ne2 O-O-O 15. c4 Nce5 16. Qc2 d5 17. cxd5 exd5 18. O-O-O Ng4 19. Rdf1 d4 20. Bh3 Kb8 21. Bxg4 hxg4 22. Rfg1 Bc8 23. h5 Ne5 24. Kb1 Be7 25. g6 fxg6 26. hxg6 Rxh1 27. Rxh1 Nxg6 28. b4 Ne5 29. bxc5 Bxc5 30. Rc1 Bb6 31. Qxc7+ Bxc7 32. Nxd4 Nxd3 33. Nc6+ Ka8 34. Nxd8 Nxc1 35. Kxc1 Bxd8 36. Bxg7 Bb6 37. Nf1 Bxf2 38. Be5 Bb7 39. Bg3 Bc5 40. Kb2 Bxe4 41. Nd2 Bd5 42. Nb3 Bxb3 43. Kxb3 Kb7 44. a4 b4 45. Kc4 Kc6 46. a5 Bd6 47. Be1 g3 48. Bxg3 Bxg3 49. Kxb4 Be1+ 0-1


[Site "https://www.chess.com"]

[Event "Titled Tuesday Blitz February 01 B 2022"]
[White "Hakobyan, Aram"]
[Black "Andreikin, Dmitry"]
[WhiteFideId "13306677"]
[BlackFideId "4158814"]
[WhiteElo "2557"]
[BlackElo "2736"]
[Result "1-0"]
[Round "09"]
[TimeControl "180+1"]
[Date "2022.02.01"]
[WhiteClock "0:00:20"]
[BlackClock "0:00:02"]

1. b3 Nf6 2. Bb2 d5 3. Nf3 Bf5 4. Nh4 Bd7 5. g3 Qc8 6. c4 dxc4 7. bxc4 Bc6 8. Nf3 Bxf3 9. exf3 Nc6 10. d4 e5 11. d5 Nd4 12. Nd2 Qf5 13. Rc1 O-O-O 14. h4 Kb8 15. Bh3 Qd3 16. Rc3 Qg6 17. O-O Bc5 18. Nb3 Nxb3 19. Rxb3 Qxg3+ 20. Bg2 Nh5 21. f4 Qg6 22. Bxe5 f6 23. d6 c6 24. Qf3 Bb6 25. f5 Qh6 26. Bh2 g5 27. d7+ Nf4 28. c5 Rxd7 29. cxb6 a6 30. Rc3 Qxh4 31. Rxc6 Rhd8 32. Rc7 1-0


[Site "https://www.chess.com"]

[Event "Titled Tuesday Blitz February 01 B 2022"]
[White "Hasangatin, Ramil"]
[Black "Li, Ben"]
[WhiteFideId "4122160"]
[BlackFideId "2089980"]
[WhiteElo "2375"]
[BlackElo "2267"]
[Result "0-1"]
[Round "09"]
[TimeControl "180+1"]
[Date "2022.02.01"]
[WhiteClock "0:00:18"]
[BlackClock "0:00:30"]

1. e4 e5 2. Nf3 Nf6 3. d3 Nc6 4. c3 d5 5. Nbd2 Bc5 6. Be2 a5 7. O-O O-O 8. b3 Re8 9. a3 h6 10. Bb2 Be6 11. b4 Bd6 12. Qc2 Ne7 13. exd5 Nexd5 14. g3 Bh3 15. Rfe1 Ng4 16. Ne4 Ndf6 17. Nfd2 Nxe4 18. Nxe4 f5 19. Nxd6 cxd6 20. Bf3 Qb6 21. Re2 Kh8 22. Rae1 axb4 23. axb4 Rad8 24. Qb3 e4 25. dxe4 fxe4 26. Bxg4 Bxg4 27. Rxe4 Rxe4 28. Rxe4 Rf8 29. Rd4 Bh3 30. Qd1 d5 31. Qh5 Qe6 32. Rd1 Bg4 33. Qxd5 Qe2 34. Rf1 Bh3 35. Qd1 Bxf1 36. Qxe2 Bxe2 37. c4 Bxc4 38. f4 b5 39. Kf2 Kh7 40. Ke3 g6 41. Be5 h5 42. Kd4 Rd8+ 43. Kc5 Rd2 44. h3 Rg2 45. Kb6 Rxg3 46. f5 Re3 47. fxg6+ Kxg6 0-1


[Site "https://www.chess.com"]

[Event "Titled Tuesday Blitz February 01 B 2022"]
[White "Hess, Robert"]
[Black "Muradli, Mahammad"]
[WhiteFideId "2022036"]
[BlackFideId "13409301"]
[WhiteElo "2557"]
[BlackElo "2645"]
[Result "1-0"]
[Round "09"]
[TimeControl "180+1"]
[Date "2022.02.01"]
[WhiteClock "0:00:12"]
[BlackClock "0:00:04"]

1. b3 b6 2. Bb2 Bb7 3. d3 Nf6 4. Nd2 d5 5. h3 g6 6. g4 d4 7. Ngf3 c5 8. c3 dxc3 9. Bxc3 Bg7 10. Qc2 O-O 11. Bg2 Nc6 12. Qb2 Nd4 13. Rg1 Bxf3 14. Bxf3 Rc8 15. Rd1 e6 16. e3 Nb5 17. Be5 Ne8 18. Bxg7 Nxg7 19. Ne4 Ne8 20. g5 Nbd6 21. Nc3 Nf5 22. Ke2 Rc7 23. Rg4 Rd7 24. Bc6 Rd6 25. Bxe8 Rxe8 26. Ne4 e5 27. Nxd6 Qxd6 28. Qa3 Re7 29. Qa6 Kg7 30. h4 Qe6 31. Rdg1 Rd7 32. Qc4 Qc6 33. Qc3 Qe6 34. Re4 Re7 35. f4 Qc6 36. Rxe5 Rxe5 37. Qxe5+ Kg8 38. h5 Kf8 39. e4 Nd4+ 40. Kf2 Qd7 41. Rg3 Qb5 42. hxg6 fxg6 43. Qh8+ Ke7 44. Qxh7+ Kd6 45. Qxg6+ Kc7 46. Rh3 Kb7 47. Qf7+ 1-0


[Site "https://www.chess.com"]

[Event "Titled Tuesday Blitz February 01 B 2022"]
[White "Holt, Conrad"]
[Black "Timofeev, Artyom"]
[WhiteFideId "2034387"]
[BlackFideId "4140419"]
[WhiteElo "2586"]
[BlackElo "2583"]
[Result "1-0"]
[Round "09"]
[TimeControl "180+1"]
[Date "2022.02.01"]
[WhiteClock "0:00:37"]
[BlackClock "0:00:01"]

1. d4 d5 2. c4 dxc4 3. e3 Nf6 4. Bxc4 e6 5. Nf3 c5 6. O-O a6 7. Bd3 Nc6 8. Nc3 Be7 9. dxc5 Bxc5 10. a3 O-O 11. b4 Be7 12. Bb2 Bd7 13. Rc1 Rc8 14. Na4 Na7 15. Rxc8 Nxc8 16. Nc5 Bxc5 17. bxc5 Bc6 18. Ne5 Ne7 19. Qc2 Bb5 20. Bxb5 axb5 21. Nf3 Nc6 22. Rd1 Qe7 23. Ng5 e5 24. h4 Rc8 25. Qf5 Re8 26. Rd6 h6 27. Nf3 Rd8 28. Bxe5 Rxd6 29. cxd6 Qd7 30. Qd3 Ng4 31. Bc3 h5 32. Ng5 g6 33. Ne4 f5 34. Ng5 Kf8 35. Qd5 Qe8 36. Nh7# 1-0


[Site "https://www.chess.com"]

[Event "Titled Tuesday Blitz February 01 B 2022"]
[White "Ibarra Jerez, Jose Carlos"]
[Black "Nazaretyan, Tigran"]
[WhiteFideId "2226332"]
[BlackFideId "24162345"]
[WhiteElo "2626"]
[BlackElo "2192"]
[Result "1-0"]
[Round "09"]
[TimeControl "180+1"]
[Date "2022.02.01"]
[WhiteClock "0:00:11"]
[BlackClock "0:00:12"]

1. c4 Nf6 2. Nc3 e5 3. Nf3 d6 4. d4 Nbd7 5. g3 c6 6. Bg2 e4 7. Ng5 d5 8. cxd5 cxd5 9. Qb3 Qb6 10. Qxb6 Nxb6 11. Nb5 Bb4+ 12. Kd1 O-O 13. Bf4 h6 14. Nh3 Bd7 15. a3 Be7 16. Nc3 Nc4 17. Bc1 g5 18. b3 Nd6 19. f4 g4 20. Nf2 Rac8 21. Nb1 Rc6 22. e3 Rfc8 23. Bd2 Rb6 24. Bb4 a5 25. Bxd6 Bxd6 26. Nd2 Rc3 27. Re1 Bb5 28. h3 h5 29. hxg4 hxg4 30. a4 Bd3 31. Rc1 Rbc6 32. Rxc3 Rxc3 33. Nxd3 Rxd3 34. Bf1 Rc3 35. Bb5 Bb4 36. Re2 Kg7 37. Re1 Nh5 38. Re2 Kg6 39. Nf1 Rxb3 40. Rc2 Rb1+ 41. Ke2 Re1+ 42. Kf2 Rxf1+ 43. Kxf1 Nxg3+ 44. Kf2 Nf5 45. Bd7 Nd6 46. Bxg4 f5 47. Be2 b5 48. Bxb5 Nxb5 49. axb5 a4 50. b6 a3 51. b7 Bd6 52. Rc6 a2 53. Rxd6+ Kh5 54. Ra6 Kg4 55. Rxa2 1-0


[Site "https://www.chess.com"]

[Event "Titled Tuesday Blitz February 01 B 2022"]
[White "Isajevsky, Anton"]
[Black "Pakleza, Zbigniew"]
[WhiteFideId "4142500"]
[BlackFideId "1119290"]
[WhiteElo "2510"]
[BlackElo "2467"]
[Result "1-0"]
[Round "09"]
[TimeControl "180+1"]
[Date "2022.02.01"]
[WhiteClock "0:00:05"]
[BlackClock "0:00:02"]

1. c4 c6 2. Nf3 d5 3. e3 Nf6 4. Nc3 Bg4 5. cxd5 Bxf3 6. gxf3 cxd5 7. Qb3 Qd7 8. d4 Nc6 9. Bd2 e6 10. f4 g6 11. Rc1 Bd6 12. Bd3 O-O 13. Ke2 Rfc8 14. Nb5 Bb8 15. f3 Nh5 16. Kf2 a6 17. Nc3 b5 18. Ne2 Bd6 19. Ng3 Nf6 20. Rc2 Ne8 21. Rhc1 Be7 22. a4 b4 23. Qa2 Nd6 24. b3 h5 25. Kg2 Kg7 26. Qb1 h4 27. Ne2 Nf5 28. h3 Bd6 29. Kf2 Qe8 30. Rg1 Na5 31. Rxc8 Qxc8 32. Rc1 Qb7 33. Qc2 Ne7 34. Qb1 Rh8 35. Be1 Nac6 36. Kg2 Na5 37. Qc2 Nf5 38. Bf2 Ne7 39. Qb1 Nec6 40. Qc2 Nb8 41. Qb1 Be7 42. Be1 Rc8 43. Rxc8 Qxc8 44. Qc2 Qb7 45. Nc1 Nd7 46. Be2 Nf6 47. Nd3 Nh5 48. Nc5 Bxc5 49. dxc5 Nc6 50. Qd2 a5 51. Qd3 Nf6 52. Bd2 Qd7 53. Bc1 d4 54. Bb2 e5 55. fxe5 Nd5 56. Bxd4 1-0


[Site "https://www.chess.com"]

[Event "Titled Tuesday Blitz February 01 B 2022"]
[White "Janaszak, Dawid"]
[Black "Karttunen, Mika"]
[WhiteFideId "1119206"]
[BlackFideId "502081"]
[WhiteElo "2199"]
[BlackElo "2343"]
[Result "0-1"]
[Round "09"]
[TimeControl "180+1"]
[Date "2022.02.01"]
[WhiteClock "0:00:03"]
[BlackClock "0:00:13"]

1. e4 e5 2. Nf3 Nc6 3. d4 exd4 4. Nxd4 Nf6 5. Nxc6 bxc6 6. e5 Qe7 7. Qe2 Nd5 8. h4 a5 9. g3 Ba6 10. c4 Qb4+ 11. Nd2 Be7 12. Qg4 Nb6 13. Bh3 g6 14. O-O Bxc4 15. Nxc4 Qxc4 16. Bf4 Qe6 17. Bh6 Qxg4 18. Bxg4 Nd5 19. Rfe1 Rb8 20. b3 Bf8 21. Bg5 h5 22. Bf3 Be7 23. Bd2 Bb4 24. Rad1 Bxd2 25. Rxd2 Nb6 26. Red1 Ke7 27. Be4 Rbd8 28. f4 Rb8 29. Kf2 Rhd8 30. f5 gxf5 31. Bxf5 d5 32. exd6+ cxd6 33. Re1+ Kf6 34. Be4 d5 35. Bf3 Re8 36. Rxe8 Rxe8 37. Bxh5 Nd7 38. Be2 Nc5 39. Bf3 Rb8 40. Rc2 Ne6 41. Rxc6 Ke5 42. Ra6 Rb5 43. h5 Rc5 44. h6 Rc2+ 45. Ke1 Rh2 46. Rxa5 Nc7 47. Ra7 Kd6 48. a4 Rxh6 49. a5 Re6+ 50. Kd2 Rf6 51. Ke2 Re6+ 52. Kf2 Re8 53. a6 Rb8 54. Rb7 Nxa6 55. Rxf7 Nc7 56. Bd1 Ne6 57. g4 Ke5 58. Rf5+ Kd6 59. Bf3 Nc7 60. Bd1 Ne6 61. Bf3 Nc7 62. Bd1 Ra8 63. g5 Ra2+ 64. Ke1 Ne6 65. Rf6 Ke5 66. Rf7 Nxg5 67. Rb7 Ne4 68. Re7+ Kf4 69. b4 Ke3 70. Rh7 Rg2 71. Rh3+ Ng3 72. Bg4 Rg1# 0-1


[Site "https://www.chess.com"]

[Event "Titled Tuesday Blitz February 01 B 2022"]
[White "Kamsky, Gata"]
[Black "Weetik, Vjacheslav"]
[WhiteFideId "2000024"]
[BlackFideId "4153472"]
[WhiteElo "2645"]
[BlackElo "2469"]
[Result "1-0"]
[Round "09"]
[TimeControl "180+1"]
[Date "2022.02.01"]
[WhiteClock "0:00:41"]
[BlackClock "0:00:05"]

1. d4 Nf6 2. Nf3 g6 3. Bg5 Bg7 4. c3 O-O 5. Nbd2 d5 6. e3 Nbd7 7. Be2 c5 8. O-O Re8 9. a4 e5 10. a5 a6 11. Qb3 c4 12. Qa2 e4 13. Ne1 Nf8 14. b3 cxb3 15. Qxb3 Ne6 16. Bh4 h5 17. Nc2 Bd7 18. Bxf6 Qxf6 19. Qxb7 Rad8 20. Nb4 Bc8 21. Qc6 Qg5 22. Kh1 h4 23. Bxa6 h3 24. g3 Bxa6 25. Qxa6 Qh5 26. Rfe1 Ng5 27. Qe2 Nf3 28. Nxf3 exf3 29. Qd3 Rc8 30. a6 Bf8 31. a7 Ra8 32. Ra5 Bxb4 33. cxb4 Re7 34. Rea1 Qg4 35. b5 Rb7 36. Qc2 Qd7 37. Qc6 Rbxa7 38. Qxd7 Rxa5 39. Rxa5 Rxa5 40. Qd8+ 1-0


[Site "https://www.chess.com"]

[Event "Titled Tuesday Blitz February 01 B 2022"]
[White "Khripachenko, Alexander"]
[Black "Kosteniuk, Alexandra"]
[WhiteFideId "54184975"]
[BlackFideId "4128125"]
[WhiteElo "2177"]
[BlackElo "2469"]
[Result "1-0"]
[Round "09"]
[TimeControl "180+1"]
[Date "2022.02.01"]
[WhiteClock "0:00:15"]
[BlackClock "0:00:07"]

1. e4 c6 2. d4 d5 3. e5 c5 4. dxc5 e6 5. a3 Bxc5 6. b4 Bb6 7. Bb2 Nc6 8. Nf3 Nge7 9. Bd3 Ng6 10. O-O O-O 11. Nbd2 Nf4 12. Bb5 Bd7 13. g3 Ng6 14. Bd3 Qc7 15. Re1 a5 16. b5 Nce7 17. a4 Rac8 18. c4 Bc5 19. Rc1 Qb6 20. Qe2 Rfd8 21. Nb3 dxc4 22. Rxc4 Be8 23. Nxc5 Rxc5 24. Bd4 Rxd4 25. Rxd4 Qc7 26. Rc4 Rxc4 27. Bxc4 Nf5 28. Bd3 Nge7 29. Be4 b6 30. g4 Nh6 31. h3 Ng6 32. Qc2 Qb8 33. Bc6 Nf4 34. Qe4 Nxh3+ 35. Kg2 Nxf2 36. Kxf2 Qd8 37. Bxe8 Qxe8 38. Rd1 g6 39. Kg3 Qe7 40. Qf4 Kg7 41. Qf6+ 1-0


[Site "https://www.chess.com"]